cohdb
Replays
Latest Replays
All Replays
Popular Replays
Top Player Replays
Match Explorer
How It Works
Community
CoH3 Stats
Reddit
Sign in to upload your games and track your stats! →
Sign in with Steam
Match 43565829
Unlisted
Match 43565829
Overview
Messages
Build Orders
End
Construct Section Command Post
Infantry Section
Infantry Section
Infantry Section
Dingo Light Scout Car
Infantry Section
Selects Canadian Shock Battlegroup
Selects Offensive Resupply
Selects Canadian Shock Section
Construct Platoon Command Post
Selects Incendiary Munitions
Grenade Package
Unlock M3 Stuart Light Tanks
M3 Stuart Light Tank
Selects Pyrotechnics
Royal Engineer Section
M3 Stuart Light Tank
Wolfe
Willaguy
0
0
Comments
sign in to comment!
No comments posted yet!